Map: Neon Violet Square LE

Players

sevenends

  • Race: Terran Terran
  • League: Silver
  • Spawn Location: 5:00

JagrsMullets - Winner!

  • Race: Protoss Protoss
  • Spawn Location: 11:00

VOD

Have the link to the VOD?

Description

Time

  • Played on: Nov. 23, 2017, 3:17 a.m.
  • Length: 23:12
Show
View Real Time Build Order
Export as new Build Order

sevenends Terran 

Build Orders:  

Get SALT Encoding   

  12  0:08  SCV  
  13  0:20  SCV  
  14  0:22  Supply Depot  
  14  0:40  Engineering Bay  
  14  0:43  SCV  
  14  0:45  Supply Depot  
  15  0:55  SCV  
  16  1:07  Barracks, SCV  
  17  1:30  Barracks  
  17  1:33  Barracks  
  17  1:34  SCV  
  18  1:46  SCV  
  19  1:57  Marine  
  19  1:58  SCV  
  21  2:08  Refinery  
  21  2:14  Marine  
  22  2:21  Marine  
  23  2:23  Marine  
  23  2:25  Supply Depot  
  23  2:26  Supply Depot  
  24  2:32  Marine  
  24  2:33  SCV  
  26  2:39  Marine  
  26  2:41  Marine  
  28  2:45  SCV  
  29  3:02  Bunker  
  29  3:41  Bunker  
  29  3:42  Refinery  
  29  3:43  Marine x3  
  32  4:00  Marine  
  32  4:01  Marine x2  
  35  4:12  Command Center  
  35  4:18  Marine x2  
  37  4:24  Command Center  
  37  4:31  Marine  
  37  4:36  Marine x2  
  40  4:48  Missile Turret  
  40  4:49  Marine  
  41  4:53  Missile Turret x2  
  41  4:54  Marine  
  35  6:34  Planetary Fortress  
  35  6:43  Barracks Reactor  
  35  6:50  Bunker  
  35  6:56  Planetary Fortress  
  34  7:16  SCV x2  
  36  7:23  Marine x2  
  36  7:24  Marine x2, Bunker  
  36  7:28  SCV x2  
  42  7:36  Supply Depot  
  42  7:40  SCV x2  
  42  7:41  Marine x3  
  42  7:42  Marine  
  48  7:52  SCV  
  48  7:55  Refinery  
  49  7:59  Marine x4  
  49  8:00  Refinery  
  53  8:07  Refinery  
  53  8:17  Marine x4, Supply Depot  
  57  8:26  Factory  
  57  8:31  Factory  
  57  8:34  Marine  
  57  8:35  Marine x2  
  60  8:48  Terran Infantry Weapons Level 1  
  60  8:59  SCV x2  
  60  9:00  SCV  
  63  9:11  SCV x2  
  63  9:12  SCV  
  66  9:17  Starport  
  66  9:23  SCV, Starport  
  67  9:41  Supply Depot  
  67  9:46  Marine x4, Factory Tech Lab  
  67  9:48  Factory Tech Lab  
  71  10:03  Starport Reactor x2  
  71  10:19  Supply Depot  
  71  10:20  Supply Depot  
  71  10:25  Siege Tank  
  74  10:33  Siege Tank  
  77  10:41  Supply Depot  
  77  10:43  Supply Depot  
  77  10:45  Supply Depot  
  77  10:54  Liberator  
  77  11:00  Starport, Orbital Command  
  75  11:37  Siege Tank  
  75  11:38  Supply Depot, Siege Tank  
  81  11:44  Marine x2  
  83  11:48  Starport Tech Lab  
  83  11:59  Missile Turret  
  83  12:02  Missile Turret  
  81  12:24  Siege Tank x2  
  87  12:37  Bunker  
  87  12:39  Marine x4  
  91  12:56  Marine  
  91  12:57  Factory  
  92  13:06  Barracks  
  92  13:17  High Capacity Fuel Tanks  
  92  13:54  Barracks  
  92  14:04  Siege Tank x2  
  98  14:15  Medivac  
  100  14:24  Medivac  
  102  14:36  Siege Tank x2  
  108  14:41  Supply Depot  
  108  14:58  Marine  
  108  14:59  Marine x5  
  114  15:08  Siege Tank  
  117  15:15  Factory Tech Lab  
  117  15:16  Marine x2  
  117  15:17  Marine x2  
  121  15:31  Medivac  
  121  15:32  Medivac x4  
  131  16:01  Medivac  
  133  16:05  Marine x2  
  133  16:06  Marine x4  
  139  16:23  Marine x2  
  141  16:42  Supply Depot  
  141  17:03  Marine x6  
  141  17:04  Supply Depot  
  147  17:21  Marine x6  
  153  17:39  Marine x6  
  159  17:57  Marine x6  
  136  18:14  Marine  
  136  18:15  Marine  
  138  18:36  Marine  
  138  18:37  Marine x5  
  144  18:54  Marine x2  
  144  18:55  Marine  
  147  18:56  Siege Tank x3  
  156  19:23  Barracks Reactor  
  156  19:24  Barracks Reactor  
  156  19:28  Siege Tank x3  
  165  19:38  Barracks  
  165  20:00  Siege Tank  
  85  21:32  Viking x5  
  52  22:02  Viking x5  
  47  22:32  Viking  
Show
View Real Time Build Order
Export as new Build Order

JagrsMullets Protoss - Winner!

Build Orders:  

Get SALT Encoding   

  12  0:03  Probe (Chrono Boost)  
  14  0:15  Probe (Chrono Boost)  
  15  0:21  Probe (Chrono Boost)  
  15  0:28  Pylon  
  15  0:45  Pylon  
  15  0:46  Probe  
  16  0:56  Pylon  
  16  0:58  Probe  
  16  1:03  Assimilator  
  17  1:10  Probe  
  18  1:16  Gateway  
  18  1:22  Probe (Chrono Boost)  
  19  1:32  Probe (Chrono Boost)  
  20  1:36  Probe, Pylon  
  21  1:45  Pylon  
  21  2:07  Cybernetics Core  
  21  2:10  Forge  
  21  2:22  Gateway  
  21  2:26  Gateway  
  21  2:32  Assimilator  
  21  2:36  Probe (Chrono Boost)  
  22  2:40  Zealot  
  25  2:48  Probe (Chrono Boost)  
  25  2:50  Probe  
  26  2:54  Photon Cannon  
  26  3:07  Zealot  
  28  3:15  Pylon  
  28  3:17  Protoss Ground Weapons Level 1  
  28  3:19  Warp Gate (Chrono Boost)  
  28  3:38  Pylon  
  28  3:41  Pylon  
  28  3:48  Nexus  
  28  3:53  Gateway  
  28  4:20  Twilight Council  
  28  4:43  Robotics Facility  
  28  5:04  Gateway  
  28  5:05  Gateway  
  28  5:10  Gateway  
  28  5:11  Protoss Ground Armor Level 1  
  28  5:15  Zealot  
  30  5:23  Zealot x3  
  34  5:47  Charge (Chrono Boost)  
  34  6:19  Observer  
  35  6:28  Stargate  
  35  6:40  Stalker x2, Observer  
  35  6:41  Stalker x3  
  35  6:43  Zealot  
  35  6:44  Zealot  
  50  7:18  Blink (Chrono Boost)  
  50  7:30  Protoss Air Weapons Level 1  
  50  7:39  Assimilator  
  50  7:43  Assimilator  
  50  7:53  Stalker x2  
  50  7:54  Stalker  
  56  8:23  Void Ray  
  60  8:33  Dark Shrine  
  60  9:05  Stalker x2  
  60  9:06  Stalker x3  
  70  10:16  Pylon  
  70  10:26  Pylon  
  70  10:29  Pylon  
  70  10:33  Pylon  
  70  10:35  Pylon  
  70  11:19  Zealot x2  
  70  11:20  Zealot x3  
  70  11:21  Zealot x2  
  68  12:05  Fleet Beacon  
  68  12:14  Nexus  
  68  12:17  Shadow Stride  
  68  12:24  Protoss Ground Weapons Level 2  
  69  12:37  Probe (Chrono Boost)  
  69  12:49  Probe (Chrono Boost)  
  69  12:51  Probe  
  71  13:03  Probe  
  71  13:05  Graviton Catapult  
  72  13:09  Dark Templar  
  74  13:15  Probe (Chrono Boost)  
  76  13:27  Probe (Chrono Boost)  
  76  13:31  Probe (Chrono Boost)  
  77  13:37  Probe  
  78  13:47  Mothership  
  86  13:59  Stargate  
  86  14:27  Stargate  
  86  14:31  Stargate  
  86  14:35  Stargate  
  86  15:01  Dark Templar  
  86  15:02  Dark Templar  
  86  15:03  Dark Templar x2  
  94  15:09  Dark Templar  
  96  15:18  Archon  
  96  15:19  Archon  
  96  15:22  Archon  
  96  15:30  Dark Templar  
  96  15:31  Dark Templar  
  100  15:35  Dark Templar  
  100  15:36  Dark Templar  
  104  15:52  Carrier  
  110  16:04  Probe  
  111  16:16  Probe  
  112  16:22  Archon  
  112  16:23  Archon  
  112  16:28  Dark Templar  
  112  16:29  Dark Templar x2  
  112  16:30  Dark Templar x2  
  122  16:34  Dark Templar  
  124  16:59  Gateway  
  124  17:18  Pylon  
  124  17:20  Pylon  
  124  17:21  Pylon  
  124  17:23  Pylon  
  124  17:25  Pylon  
  124  17:28  Pylon  
  124  17:35  Carrier  
  130  17:42  Void Ray  
  133  19:16  Carrier x3  
  151  19:34  Assimilator  
  151  20:02  Nexus  
  107  20:44  Zealot  
  107  20:45  Zealot x3  
  107  20:46  Zealot x2  
  115  21:20  Zealot x2  
  115  21:21  Zealot x3  
  115  21:22  Zealot x2  
Tags
 
Add a new tag
Caveats
  • Supply blocks, unpowered buildings, or Contaminate may cause inaccurate times.
  • Supply counts are checked every 10 seconds.